 Dungeon Crawl Stone Soup version 0.21.0 (webtiles) character file.

53 AllRandomAllDemise the Caller (level 3, -2/24 HPs)
             Began as a Mummy Summoner on Jan 7, 2018.
             Slain by Crazy Yiuf
             ... wielding a +3 quarterstaff of chaos
              (7 damage)
             ... on level 2 of the Dungeon.
             The game lasted 00:03:36 (2419 turns).

AllRandomAllDemise the Caller (Mummy Summoner)      Turns: 2419, Time: 00:03:36

Health: -2/24      AC:  3    Str: 11    XL:     3   Next: 62%
Magic:  1/8        EV:  2    Int: 15    God:
Gold:   69         SH:  0    Dex: 12    Spells: 3/9 levels left

rFire    x . .     SeeInvis .   a - +0 spear
rCold    + + .     Gourm    .   (no shield)
rNeg     + + +     Faith    .   e - +0 robe
rPois    ∞         Spirit   .   h - +0 helmet
rElec    .         Reflect  .   (no cloak)
rCorr    .         Harm     .   (no gloves)
MR       .....                  (no boots)
Stlth    ++........             (no amulet)
HPRegen  0.08/turn              i - ring of protection from cold
MPRegen  0.11/turn              (no ring)

@: petrified, very slightly contaminated, invisible
A: no food or potions, fire vulnerability, cold resistance 1, negative energy
resistance 3, torment resistance, unbreathing
a: no special abilities


You were on level 2 of the Dungeon.
You were not hungry.

You visited 1 branch of the dungeon, and saw 2 of its levels.

You collected 69 gold pieces.

Inventory:

Hand Weapons
 a - a +0 spear (weapon)
 b - a +0 hand axe of electrocution
Armour
 e - a +0 robe (worn)
 h - a +0 helmet (worn)
Jewellery
 i - a ring of protection from cold (left hand)
Scrolls
 c - a scroll of fear
 d - 6 scrolls of teleportation
 g - a scroll of amnesia {unknown}
Books
 f - a book of Callings

   Spells                             Type                      Level
   a - Summon Small Mammal            Summoning                    1
   b - Call Imp                       Summoning                    2
   c - Call Canine Familiar           Summoning                    3
   d - Summon Guardian Golem          Hexes/Summoning              3
   e - Summon Lightning Spire         Summoning/Air                4
   f - Summon Ice Beast               Ice/Summoning                4


   Skills:
 - Level 1.5 Dodging
 - Level 1.5 Stealth
 + Level 3.6 Spellcasting
 * Level 4.1 Summonings


You had 3 spell levels left.
You knew the following spells:

 Your Spells              Type           Power        Failure   Level  Hunger
a - Summon Small Mammal   Summ           ###.         3%          1    N/A
c - Call Canine Familiar  Summ           ###.....     11%         3    N/A
d - Call Imp              Summ           ###.....     5%          2    N/A

Dungeon Overview and Level Annotations

Branches:
Dungeon (2/15)

Altars:

Annotations:
D:2 Crazy Yiuf


Innate Abilities, Weirdness & Mutations

You do not eat or drink.
Your flesh is vulnerable to fire.
You are immune to poison.
Your flesh is cold resistant. (rC+)
You are immune to negative energy. (rN+++)
You are immune to unholy pain and torment.
You can survive without breathing.


Message History

Casting: Call Imp
Confirm with . or Enter, or press ? or * to list all spells.
You don't have enough magic to cast that spell.
Unknown command.
Your crimson imp barely misses Crazy Yiuf.
Crazy Yiuf hits you with a quarterstaff of chaos!
You are slowing down.
Your crimson imp closely misses Crazy Yiuf.
Your limbs are stiffening.
Unknown command.
Crazy Yiuf yells, "Cards poople chair!"
You have turned to stone.
Crazy Yiuf hits you with a quarterstaff of chaos!
You fade into invisibility!
You are very lightly contaminated with residual magic.
Your crimson imp blinks!
Crazy Yiuf hits you with a quarterstaff of chaos!
* * * LOW HITPOINT WARNING * * *
You convulse!
You die...

.....# #......# ♣h♣♣
.....# #†.....# ♣♣.♣
...†.# #.###..# ♣.♣♣
.....#####.######
♣♣.♣♣
#####...........#
♣...♣♣ #........####
♣....♣ #...%....#
##..##
#........######....#
#...........@g§....#
#........######..5##
#........# #####
#........#
##########


You could see Crazy Yiuf and a friendly crimson imp.

Vanquished Creatures
  An adder (D:2)
  A hobgoblin (D:1)
  2 jackals (D:2)
  A kobold (D:2)
  A rat (D:1)
6 creatures vanquished.

Vanquished Creatures (collateral kills)
  A gnoll (D:1)
  2 adders (D:2)
  An ooze (D:2)
  A worm (D:2)
  A dart slug (D:1)
  3 leopard geckos
  3 giant cockroaches (D:2)
  5 goblins
  3 hobgoblins
  A ball python (D:2)
  2 bats (D:1)
  A kobold (D:1)
  3 rats
27 creatures vanquished.

Grand Total: 33 creatures vanquished

Notes
Turn   | Place    | Note
-------+----------+-------------------------------------------
     0 | D:1      | AllRandomAllDemise the Mummy Summoner began the quest for the Orb.
     0 | D:1      | Reached XP level 1. HP: 13/13 MP: 4/4
   953 | D:1      | Reached XP level 2. HP: 6/19 MP: 3/6
  1195 | D:1      | Learned a level 2 spell: Call Imp
  2002 | D:2      | Reached XP level 3. HP: 20/24 MP: 3/7
  2053 | D:2      | Learned a level 3 spell: Call Canine Familiar
  2144 | D:2      | Reached skill level 4 in Summonings
  2262 | D:2      | Found a runed door.
  2393 | D:2      | Noticed Crazy Yiuf
  2419 | D:2      | Slain by Crazy Yiuf

Skill      XL: |  1  2  3 |
---------------+----------+-----
Spellcasting   | 3 |  3.6
Summonings     | 4 |  4.1
Dodging        | |  1.5
Stealth        | |  1.5

Action                   || total
-------------------------++-------
Melee: Spear             ||    37
 Cast: Summon Small Mamm ||    44
       Call Imp          ||    15
       Call Canine Famil ||     6
  Use: Scroll            ||     3
 Stab: Distracted        ||     1
Armor: Robe              ||    10
Dodge: Dodged            ||    25
